 Dungeon Crawl Stone Soup version 0.32-a0-999-gfa1cc04b1d (webtiles) character file.

Game seed: 10001516506585670295

170 ezpacito the Chopper (level 5, -3/41 HPs)
             Began as a Coglin Chaos Knight on Apr 24, 2024.
             Was a Plaything of Xom.
             Slain by a gnoll
             ... wielding a +1 whip of venom
              (8 damage)
             ... on level 4 of the Dungeon.
             The game lasted 00:03:51 (2228 turns).

ezpacito the Chopper (Coglin Chaos Knight)          Turns: 2228, Time: 00:03:52

Health: -3/41      AC:  2    Str: 15    XL:     5   Next: 51%
Magic:  6/6        EV: 11    Int: 11    God:    Xom [...*..]
Gold:   120        SH:  0    Dex: 13    Spells: 0/5 levels left

rFire   . . .        a - +0 hand axe (chaos) {Kun}
rCold   . . .        p - +0 dagger (drain) {Svenja}
rNeg    . . .        j - +0 robe of Yxtoisa {+Inv rPois Regen+}
rPois   +            (no helmet)
rElec   .            (no cloak)
rCorr   .            (no gloves)
SInv    .            (no boots)
Will    .....        (amulet unavailable)
Stlth   ++           (ring unavailable)
HPRegen 1.06/turn    (ring unavailable)
MPRegen 0.10/turn    (no gizmo)

%: no passive effects
@: revving
A: off-hand wielding, slow wielding, warmup strikes, no jewellery
a: Invent Gizmo, Renounce Religion, Evoke Invisibility


You were on level 4 of the Dungeon.
You worshipped Xom.
You were a favourite toy of Xom.
You visited 1 branch of the dungeon, and saw 4 of its levels.

You collected 120 gold pieces.

Inventory:

Hand Weapons
 a - a +0 hand axe of chaos (weapon) {Kun}
 p - a +0 dagger of draining (offhand) {Svenja}
Missiles
 k - 7 poisoned darts (quivered)
 l - 5 boomerangs
Armour
 j - the +0 robe of Yxtoisa (worn) {+Inv rPois Regen+}
   (You took it off a hobgoblin on level 2 of the Dungeon)

   rPois:     It protects you from poison.
   +Inv:      It lets you turn invisible.
   Regen+:    It increases your rate of health regeneration.
 o - a +0 chain mail
Magical Staves
 m - a staff of fire {Yan}
Scrolls
 c - a scroll of butterflies
 e - 2 scrolls of identify {unknown}
 f - a scroll of enchant armour {unknown}
 h - 2 scrolls of fear {unknown}
 n - a scroll of teleportation {unknown}
Potions
 b - a potion of brilliance {unknown}
 g - 3 potions of might {unknown}
 i - a potion of haste {unknown}


   Skills:
 * Level 3.4 Fighting
 * Level 3.5(3.8) Axes
 * Level 1.5(2.5) Polearms
 + Level 0.5 Throwing
 * Level 2.4 Armour
 * Level 2.1 Dodging
 + Level 1.0 Stealth
 + Level 0.9 Spellcasting
 + Level 0.0 Translocations
 + Level 0.2 Fire Magic
 + Level 0.2 Evocations


You couldn't memorise any spells.
You knew the following spells:

 Your Spells              Type           Power      Damage    Failure   Level
a - Lesser Beckoning      Tloc           0%         N/A       43%         2
b - Teleport Other        Tloc           0%         N/A       67%         3

Your spell library contained the following spells:

 Spells                   Type           Power      Damage    Failure   Level
 Ensorcelled Hibernation  Hex/Ice        0%         N/A       45%         2
 Maxwell's Portable Pile  Tloc           0%         2d(5-13)  67%         3
 Passwall                 Erth           0%         N/A       69%         3
 Swiftness                Air            0%         N/A       69%         3


Dungeon Overview and Level Annotations

Branches:
Dungeon (4/15)
 Temple: D:4-7

Altars:

Shops:
D:2 [


Innate Abilities, Weirdness & Mutations

You can wield a second weapon in your off-hand.
It takes a long time for you to wield or remove held weapons.
Your first few attacks do less damage.
You cannot equip rings or amulets.


Message History

There is a stone staircase leading up here.
There are monsters nearby!
The gnoll shouts!
A dart slug comes into view.
The gnoll shouts!
The gnoll closely misses you.
You hit the gnoll with your +0 dagger of draining.
You drain the gnoll.
The gnoll is heavily wounded.
You hit the gnoll but do no damage.
A gnoll comes into view. It is wielding a +0 club.
The gnoll hits you with a +0 club.
You take 4 damage, and have 37/41 hp.
You hit the gnoll with your +0 hand axe of chaos.
You drain the gnoll.
The gnoll is almost dead.
You hit the gnoll with your +0 hand axe of chaos.
The gnoll seems to speed up.
Xom thinks this is hilarious!
You closely miss the gnoll with your +0 dagger of draining.
The gnoll closely misses you. The dart slug launches a dart at you.
The slug dart hits you.
The gnoll hits you with a +1 whip of venom.
You take 2 damage, and have 35/41 hp.
The gnoll attacks as it pursues you!
The gnoll hits you with a +1 whip of venom!
The gnoll closely misses you. The gnoll attacks as it pursues you!
The gnoll hits you from afar with a +0 halberd!
You take 19 damage, and have 16/41 hp.
MASSIVE DAMAGE!!
The gnoll attacks as it pursues you!
The gnoll hits you from afar with a +0 halberd!
* * * LOW HITPOINT WARNING * * *
A shower of butterflies erupts from you!
You take 12 damage, and have 4/41 hp.
MASSIVE DAMAGE!!
The gnoll hits your butterfly with a +0 club.
Your butterfly dies!
Your butterfly disappears in a puff of smoke!
The gnoll hits you with a +1 whip of venom!
You die...

#..........#
..........#
#........##
##..........
#.......=...
#b.........#
#.g........#
#@§g.......#
#..g....w..#
##........##
##......#..
######## .


You could see 3 gnolls and a dart slug.

Vanquished Creatures
  A bombardier beetle (D:3)
  5 adders
  3 ribbon worms
  4 orcs
  8 ball pythons
  6 endoplasms
  5 giant cockroaches
  5 goblins
  6 hobgoblins
  6 jackals
  6 quokkas
  3 bats
  6 frilled lizards
  8 kobolds
  4 rats
76 creatures vanquished.

Notes
Turn   | Place    | Note
-------+----------+-------------------------------------------
     0 | D:1      | ezpacito the Coglin Chaos Knight began the quest for the
                  | Orb.
     0 | D:1      | Reached XP level 1. HP: 18/18 MP: 1/1
    43 | D:1      | Reached skill level 1 in Dodging
   104 | D:1      | Reached XP level 2. HP: 24/24 MP: 2/2
   352 | D:1      | You fall into a shaft and drop 1 floor!
   371 | D:2      | Reached XP level 3. HP: 15/29 MP: 3/3
   434 | D:2      | Found Biem's Armour Boutique.
   439 | D:2      | XOM: divination: magic mapping
   448 | D:2      | Identified the +0 robe of Yxtoisa {+Inv rPois Regen+}
   529 | D:2      | Reached skill level 1 in Polearms
   913 | D:2      | Reached XP level 4. HP: 35/35 MP: 4/4
  1248 | D:2      | Found a faded altar of an unknown god.
  1605 | D:3      | XOM: divination: detect creatures
  1637 | D:3      | XOM: confuse monster(s)
  1647 | D:3      | Reached XP level 5. HP: 39/41 MP: 4/6
  1681 | D:3      | Reached skill level 1 in Stealth
  1684 | D:3      | Learned a level 2 spell: Lesser Beckoning
  1688 | D:3      | Learned a level 3 spell: Teleport Other
  2074 | D:4      | XOM: stealth player
  2227 | D:4      | XOM: butterfly on damage
  2228 | D:4      | Slain by a gnoll

Illustrated notes

Levels and vault maps discovered:
D:1:      dpeg_arrival_rooms_a, layout_basic
D:2:      layout_basic, hellmonk_ecumenical_altar_slurped_away, serial_shops,
          nicolae_shop_tiny_real_fake_doors, guppyfry_early_orc_mine
D:3:      minmay_diamond_boxcup, layout_loops_ring, corner_web_ring
D:4:      layout_rooms, nicolae_shop_firing_range, uniq_robin

Skill      XL: |  1  2  3  4  5 |
---------------+----------------+-----
Dodging        | 1 2 |  2.1
Armour         | 2 |  2.4
Polearms       | 1 |  1.5
Stealth        | 1 |  1.0
Fighting       | |  3.4
Axes           | |  3.5
Throwing       | |  0.5
Spellcasting   | |  0.9
Fire Magic     | |  0.2
Evocations     | |  0.2

Action                     |  1- 3 |  4- 6 || total
---------------------------+-------+-------++-------
  Melee: Hand axe          |    84 |    97 ||   181
         Dagger            |    79 |    24 ||   103
         Staff             |       |    66 ||    66
   Stab: Sleeping          |       |     3 ||     3
         Distracted        |       |     1 ||     1
         Confused          |       |     1 ||     1
         Petrifying        |       |     1 ||     1
 Armour: Leather armour    |    51 |       ||    51
         Robe              |    19 |    62 ||    81
  Dodge: Dodged            |    62 |    60 ||   122

Table legend: (Time is in decaauts)
 A = Elapsed time spent in this place.
 B = Non-inter-level travel time spent in this place.
 C = Inter-level travel time spent in this place.
 D = Time resting spent in this place.
 E = Time spent auto-exploring this place.
 F = Levels seen in this place.
 G = Mean time per level.
                   A        B        C        D        E       F      G
               +--------+--------+--------+--------+--------+-----+--------+
         Total |   2247 |   1986 |    261 |      0 |   1478 |   4 |  561.8 |
       Dungeon |   2247 |   1986 |    261 |      0 |   1478 |   4 |  561.8 |
               +--------+--------+--------+--------+--------+-----+--------+

Top non-repeatable levels by time:
     D:3: 823 daAuts
     D:1: 708 daAuts
     D:2: 699 daAuts
     D:4: 16 daAuts
